 Dungeon Crawl Stone Soup version 0.28-a0-687-gb91baff9cc (webtiles) character file.

Game seed: 7923190337827621747

2615 pmoppi the Poker (level 9, -8/69 HPs)
             Began as a Demonspawn Gladiator on Oct 19, 2021.
             Was a Follower of Qazlal.
             Mangled by an orc warrior (32 damage)
             ... in a bailey.
             The game lasted 00:10:54 (5394 turns).

pmoppi the Poker (Demonspawn Gladiator)             Turns: 5394, Time: 00:10:54

Health: -8/69      AC:  5    Str: 15    XL:     9   Next: 34%
Magic:  11/11      EV: 17    Int: 15    God:    Qazlal [*.....]
Gold:   352        SH:  1    Dex: 14    Spells: 8/8 levels left

rFire   . . .      SeeInvis .   a - +0 trident
rCold   . . .      Faith    .   (no shield)
rNeg    . . .      Spirit   .   G - +0 troll leather armour {Purgy}
rPois   +          Reflect  .   (helmet restricted)
rElec   .          Harm     .   c - +0 cloak
rCorr   .          Rampage  .   (no gloves)
Will    .....                   (no boots)
Stlth   +.........              r - amulet of regeneration
HPRegen 2.21/turn               v - +4 ring of evasion
MPRegen 0.12/turn               y - ring of poison resistance

@: no status effects
A: horns 2, ignite blood 1, spiny 2, big brain 1
a: Renounce Religion


You were in a bailey.
You worshipped Qazlal.
Qazlal was aware of your devotion.
You visited 1 branch of the dungeon, and saw 7 of its levels.
You also visited: Sewer, Ossuary and Bailey.

You collected 352 gold pieces.

Inventory:

Hand Weapons
 a - a +0 trident (weapon)
Missiles
 d - 6 throwing nets (quivered)
Armour
 b - a +0 leather armour
 c - a +0 cloak (worn)
 h - a +0 scale mail
 m - a +0 pair of gloves
 C - a +0 pair of boots
 G - a +0 troll leather armour (worn) {Purgy}
 H - a +1 leather armour of willpower
Jewellery
 r - an amulet of regeneration (around neck)
 v - a +4 ring of evasion (left hand)
 y - a ring of poison resistance (right hand)
 F - a ring of magical power
Scrolls
 f - a scroll of blinking {unknown}
 i - 2 scrolls of noise {unknown}
 k - 2 scrolls of teleportation {unknown}
 p - 7 scrolls of identify {unknown}
 s - 2 scrolls of summoning {unknown}
 t - 2 scrolls of enchant armour {unknown}
 x - a scroll of fog {unknown}
 z - a scroll of immolation {unknown}
 A - a scroll of vulnerability {unknown}
 B - a scroll of enchant weapon {unknown}
 E - a scroll of fear {unknown}
Potions
 e - a potion of heal wounds {unknown}
 g - a potion of flight {unknown}
 j - 4 potions of curing {unknown}
 l - a potion of ambrosia {unknown}
 n - 2 potions of might {unknown}
 o - 3 potions of degeneration
 q - a potion of berserk rage {unknown}
 u - 3 potions of lignification {unknown}
 w - 2 potions of brilliance {unknown}
 D - a potion of invisibility {unknown}
 I - a potion of resistance {unknown}


   Skills:
 + Level 5.9 Fighting
 * Level 7.9 Polearms
 - Level 5.0 Throwing
 + Level 2.4 Armour
 - Level 5.0 Dodging
 + Level 3.7 Invocations


You had 8 spell levels left.
You didn't know any spells.
Your spell library was empty.

Dungeon Overview and Level Annotations

Branches:
Dungeon (7/15)             Temple (0/1) D:7           Sewer (visited)
Ossuary (visited)          Bailey (1/1)

Altars:
Dithmenos
Fedhas
Gozag
Hepliaklqana
Qazlal
Sif Muna
Trog
Wu Jian

Shops:
D:2 (((:   D:5 *   D:7 (


Innate Abilities, Weirdness & Mutations

You have a pair of horns on your head.
Your demonic aura sometimes causes spilled blood to erupt in flames.
You are mostly covered in sharp spines.
You have an unusually large brain. (Int +2)


Message History

The orc warrior shoots a bolt.
The bolt hits you!
The orc warrior shoots a bolt.
The bolt closely misses you.
The orc knight roars a battlecry!
The orcs go into a battle-frenzy!
The orc warrior shoots a bolt.
The bolt misses you.
The orc warrior shoots a bolt.
The bolt barely misses you.
There is a gate leading back out of this place here.
An orc warrior comes into view. It is wielding a +0 arbalest.
The orc warrior shouts!
The orc warrior closely misses you.
The orc warrior shoots a bolt.
The bolt closely misses you.
The orc warrior shoots a bolt.
The bolt closely misses you.
There is an empty arch of ancient stone here.
There is a gate leading back out of this place here.
The orc warrior is struck by your spines.
The orc warrior misses you.
The orc warrior shoots a bolt.
The bolt closely misses you.
There is an empty arch of ancient stone here.
You hit the orc warrior but do no damage.
Your headbutt misses the orc warrior.
The orc warrior is moderately wounded.
An orc warrior comes into view. It is wielding a +0 halberd.
The orc warrior is struck by your spines.
The orc warrior closely misses you.
The orc warrior shoots a bolt.
The bolt barely misses you.
You hit the orc warrior.
You headbutt the orc warrior, but do no damage.
The orc warrior is heavily wounded.
The orc warrior is struck by your spines.
The orc warrior hits you with a +0 halberd!!
The orc warrior completely misses you.
Unknown command.
You closely miss the orc warrior. You headbutt the orc warrior.
The orc warrior is severely wounded.
The orc warrior shoots a bolt.
The bolt barely misses you.
The orc warrior shoots a bolt.
The bolt hits you.
The orc warrior is struck by your spines.
The orc warrior completely misses you.
The orc warrior hits you from afar with a +0 halberd!!
You die...

### ##### ##∩##
#####
.....##...##.....
.≈≈≈..#...#..≈≈≈.
≈≈o≈≈.......≈≈o≈≈
≈.oo≈.....o.≈oo.≈
≈≈o≈≈.o..o..≈≈o≈≈
#.o○# #.@.# ##∩##
###


You could see an orc knight, 6 orc warriors and an orc.

Vanquished Creatures
  Eustachio (D:6)
  4 ice beasts
  An orc warrior (D:7)
  A black bear (D:3)
  Purgy (Sewer)
  2 ogres
  A necrophage (D:5)
  2 centaurs (D:7)
  A phantom (D:4)
  A bullfrog (D:6)
  2 scorpions
  3 killer bees (D:5)
  2 centaur zombies (Ossuary)
  7 hounds
  3 jellies (D:6)
  An orc priest (D:7)
  A gnoll shaman (D:5)
  2 human zombies (Ossuary)
  3 orc wizards
  2 iguanas (D:4)
  2 mummies (Ossuary)
  17 gnolls
  A river rat (D:6)
  9 adders
  A shadow imp (D:6)
  A white imp (D:6)
  2 adder skeletons
  2 worms
  A dart slug (D:5)
  9 orcs
  5 bats
  A bat zombie (D:2)
  3 endoplasms
  5 giant cockroaches
  5 hobgoblins
  8 kobolds
  5 quokkas
  6 ball pythons
  2 frilled lizards
  7 goblins
  14 hobgoblin zombies (Ossuary)
  2 jackal zombies (Ossuary)
  8 kobold zombies (Ossuary)
  4 orc zombies (Ossuary)
  A quokka zombie (D:2)
  8 rats
170 creatures vanquished.

Vanquished Creatures (others)
  An ogre (D:3)
  4 plants (D:5)
5 creatures vanquished.

Grand Total: 175 creatures vanquished

Notes
Turn   | Place    | Note
-------+----------+-------------------------------------------
     0 | D:1      | pmoppi the Demonspawn Gladiator began the quest for the
                  | Orb.
     0 | D:1      | Reached XP level 1. HP: 16/16 MP: 1/1
    74 | D:1      | Gained mutation: You are partially covered in sharp spines.
                  | [demonic ancestry]
    74 | D:1      | Reached XP level 2. HP: 6/22 MP: 2/2
   317 | D:1      | Reached skill level 3 in Polearms
   673 | D:2      | Gained mutation: Your demonic aura sometimes causes spilled
                  | blood to erupt in flames. [demonic ancestry]
   673 | D:2      | Reached XP level 3. HP: 23/28 MP: 3/3
   792 | D:2      | Found Ishon's Weapon Boutique.
   962 | D:2      | Found Waefadal's Book Boutique.
   992 | D:2      | Found Zeseytu's Weapon Shop.
  1061 | D:2      | Found a faded altar of an unknown god.
  1126 | D:2      | Found Xuas's Weapon Shoppe.
  1348 | D:3      | Noticed a black bear
  1360 | D:3      | Killed a black bear
  1361 | D:3      | Reached XP level 4. HP: 10/34 MP: 4/4
  1673 | D:3      | Gained mutation: You have a pair of small horns on your
                  | head. [demonic ancestry]
  1673 | D:3      | Reached XP level 5. HP: 36/40 MP: 5/5
  1743 | D:3      | Found a blossoming altar of Fedhas.
  1922 | D:3      | Noticed an ogre
  1924 | D:3      | Killed an ogre
  1925 | D:3      | Reached skill level 4 in Polearms
  2026 | D:3      | Noticed an ogre
  2031 | D:3      | Killed an ogre
  2303 | D:4      | Gained mutation: You are mostly covered in sharp spines.
                  | [demonic ancestry]
  2303 | D:4      | Reached XP level 6. HP: 47/47 MP: 6/6
  2411 | D:4      | Found a shimmering blue altar of Sif Muna.
  2490 | D:4      | Found a sand-covered staircase.
  2494 | Ossuary  | Entered an ossuary
  2660 | Ossuary  | Reached skill level 5 in Polearms
  2764 | D:4      | Reached XP level 7. HP: 49/53 MP: 7/7
  2944 | D:4      | Found an ornate altar of the Wu Jian Council.
  3235 | D:4      | Found a stormy altar of Qazlal.
  3267 | D:4      | Found a bloodstained altar of Trog.
  3301 | D:5      | Entered Level 5 of the Dungeon
  3345 | D:5      | Found Focvoted's Assorted Antiques.
  3381 | D:5      | Reached skill level 6 in Polearms
  3381 | D:5      | Gained mutation: You have a pair of horns on your head.
                  | [demonic ancestry]
  3381 | D:5      | Reached XP level 8. HP: 54/61 MP: 8/8
  3574 | D:5      | Found a shadowy altar of Dithmenos.
  3810 | D:5      | Reached skill level 5 in Fighting
  3810 | D:5      | Reached skill level 5 in Dodging
  3972 | D:4      | Became a worshipper of Qazlal Stormbringer
  4123 | D:6      | Found a glowing drain.
  4134 | Sewer    | Entered a sewer
  4200 | Sewer    | Noticed Purgy
  4204 | Sewer    | Killed Purgy
  4205 | Sewer    | Reached skill level 1 in Invocations
  4433 | D:6      | Noticed Eustachio
  4443 | D:6      | Killed Eustachio
  4444 | D:6      | Reached skill level 7 in Polearms
  4444 | D:6      | Reached skill level 1 in Armour
  4520 | D:6      | Reached skill level 5 in Throwing
  4539 | D:6      | Found an opulent altar of Gozag.
  4568 | D:6      | Gained mutation: You have an unusually large brain. (Int
                  | +2) [demonic ancestry]
  4568 | D:6      | Reached XP level 9. HP: 68/68 MP: 10/10
  4822 | D:6      | Found a hazy altar of Hepliaklqana.
  4988 | D:6      | Reached * piety under Qazlal
  5205 | D:7      | Found Dutetash's Antique Weapon Shop.
  5233 | D:7      | Found a staircase to the Ecumenical Temple.
  5274 | D:7      | Found Sihutal's Antique Weapon Shoppe.
  5354 | D:7      | Found a flagged portal.
  5382 | Bailey   | Entered a bailey
  5382 | Bailey   | Noticed an orc knight
  5383 | Bailey   | Noticed an orc knight
  5394 | Bailey   | Mangled by an orc warrior

Illustrated notes

Levels and vault maps discovered:
D:1:      wander_arrival_fairy_ring, layout_rooms
D:2:      layout_basic, shapermc_ecumenical_altar_mp_urbaneastern, serial_shops,
          nicolae_shop_crystal, shop, nicolae_lakefront_shop,
          nicolae_shop_trees, serial_undead, serial_undead_a, serial_undead_e,
          serial_undead_d, serial_undead_a
D:3:      layout_basic, mainiacjoe_overflow_concentric_impassable,
          lemuel_flame_loot_1
D:4:      layout_loops_cross, nzn_wu_jian_council_hall,
          overflow_temple_1_default, lemuel_coloured_pillars_altar,
          lightli_temple_of_fire, enter_ossuary_5
D:5:      layout_basic, mainiacjoe_overflow_brackets, serial_shops,
          kennysheep_little_box, serial_bayou_pond_c
D:6:      layout_loops_corners, grunt_gozag_breadcrumbs,
          nicolae_overflow_hidden_temple, portal_sewer_entry_e, uniq_eustachio
D:7:      layout_basic, minmay_temple_entry_wispy, serial_shops,
          nicolae_diamond_shop, shop, nicolae_shop_behind_doors,
          nicolae_stop_n_shop_2, shop_fountains, enter_bailey_7,
          palyth_stone_intersect, minmay_manual_monstrance
Bailey:   bailey_polearm_4, bailey

Skill      XL: |  1  2  3  4  5  6  7  8  9 |
---------------+----------------------------+-----
Throwing       | 2 3 4 5 |  5.0
Polearms       | 3 4 5 6 7 |  7.9
Dodging        | 3 4 5 |  5.0
Fighting       | 3 4 5 |  5.9
Invocations    | 2 3 |  3.7
Armour         | 1 2 |  2.4

Action                   |  1- 3 |  4- 6 |  7- 9 || total
-------------------------+-------+-------+-------++-------
Melee: Trident           |    78 |   148 |   248 ||   474
       Headbutt          |       |    19 |    42 ||    61
  Use: Scroll            |       |       |     1 ||     1
 Stab: Sleeping          |       |       |     1 ||     1
Armor: Leather armour    |     7 |       |       ||     7
       Scale mail        |    26 |    26 |    29 ||    81
       Troll leather arm |       |       |    14 ||    14
Dodge: Dodged            |    42 |    48 |   181 ||   271
Block: Other             |       |       |     1 ||     1

Table legend: (Time is in decaauts)
 A = Elapsed time spent in this place.
 B = Non-inter-level travel time spent in this place.
 C = Inter-level travel time spent in this place.
 D = Time resting spent in this place.
 E = Time spent auto-exploring this place.
 F = Levels seen in this place.
 G = Mean time per level.
                   A        B        C        D        E       F      G
               +--------+--------+--------+--------+--------+-----+--------+
         Total |   5414 |   5163 |    251 |    614 |   3420 |  10 |  541.4 |
       Dungeon |   5064 |   4813 |    251 |    614 |   3272 |   7 |  723.4 |
         Sewer |    132 |    132 |      0 |      0 |     90 |   1 |  132.0 |
       Ossuary |    206 |    206 |      0 |      0 |     58 |   1 |  206.0 |
        Bailey |     11 |     11 |      0 |      0 |      0 |   1 |   11.0 |
               +--------+--------+--------+--------+--------+-----+--------+

Top non-repeatable levels by time:
     D:3: 979 daAuts
     D:6: 885 daAuts
     D:4: 879 daAuts
     D:5: 722 daAuts
     D:2: 686 daAuts
     D:1: 649 daAuts
     D:7: 262 daAuts
 Ossuary: 206 daAuts
   Sewer: 132 daAuts
  Bailey: 11 daAuts
